 Dungeon Crawl Stone Soup version 0.29.0-13-gc9e81de378 (webtiles) character file.

Game seed: 4727283214025427941

183 sanka the Changer (level 5, 0/58 HPs)
             Began as a Palentonga Transmuter on Sept 9, 2022.
             Succumbed to an adder's poison
             ... on level 4 of the Dungeon.
             The game lasted 00:03:58 (3924 turns).

sanka the Changer (Palentonga Transmuter)           Turns: 3924, Time: 00:03:59

Health: 0/58       AC: 22    Str: 15    XL:     5   Next: 35%
Magic:  17/17      EV:  1    Int: 15    God:
Gold:   78         SH:  0    Dex: 11    Spells: 2/8 levels left

rFire   . . .      SeeInvis +     - Unarmed
rCold   . . .      Faith    .   (no shield)
rNeg    . . .      Spirit   .   (body armour currently unavailable)
rPois   +          Reflect  .   (helmet currently unavailable)
rElec   .          Harm     .   (cloak currently unavailable)
rCorr   .          Rampage  .   (gloves currently unavailable)
Will    .....      NoTele   +   (no barding)
Stlth   +.........              l - amulet of the acrobat
HPRegen 0.19/turn               (no ring)
MPRegen 0.15/turn               c - ring of magical power

@: lethally poisoned (0 -> -7), tree-form, acrobatic
A: stationary, stasis, torment immunity, boosted hp, large, rugged brown scales
3, see invisible, (deformed body), (roll 1), (armoured tail)
a: no special abilities


You were on level 4 of the Dungeon.
You were a tree.
You visited 1 branch of the dungeon, and saw 4 of its levels.

You collected 78 gold pieces.


Innate Abilities, Weirdness & Mutations

You are a tree.
Your roots penetrate the ground, keeping you stationary.
You cannot be teleported.
You are immune to unholy pain and torment.
Your maximum health is greatly increased.
Your equipment is partially melded.
(You are completely covered in rugged brown scales. (AC +3, +7% HP))
You have supernaturally acute eyesight. (SInv)
((Armour fits poorly on your strangely shaped body.))
((You can roll at nearby foes to attack.))
((You have a long armoured tail.))


   Skills:
 - Level 1.0 Fighting
 - Level 1.5 Dodging
 - Level 3.0 Unarmed Combat
 - Level 2.0 Spellcasting
 + Level 4.9 Transmutations
 - Level 2.0 Poison Magic


You had 2 spell levels left.
You knew the following spells:

 Your Spells              Type           Power      Damage    Failure   Level
x - Spider Form           Tmut/Pois      11%        N/A       16%         3
y - Wereblood             Tmut           16%        N/A       4%          2
z - Beastly Appendage     Tmut           32%        N/A       3%          1

Your spell library contained the following spells:

 Spells                   Type           Power      Damage    Failure   Level
 Passwall                 Tmut/Erth      6%         N/A       12%         2
 Sandblast                Erth           2%         2d4       22%         1
 Stone Arrow              Conj/Erth      2%         3d7       54%         3
 Ice Form                 Ice/Tmut       8%         N/A       63%         4

Inventory:

Armour
 a - a +0 robe (melded)
 d - a +0 helmet (melded)
Jewellery
 c - a ring of magical power (right branch)
 h - a ring of ice
 l - an amulet of the acrobat (around neck)
Scrolls
 e - a scroll of silence {unknown}
 g - a scroll of brand weapon {unknown}
 i - a scroll of teleportation {unknown}
 j - a scroll of magic mapping {unknown}
 k - a scroll of enchant armour {unknown}
 m - a scroll of identify {unknown}

Dungeon Overview and Level Annotations

Branches:
Dungeon (4/15)
 Temple: D:4-7

Altars:

▒~▒ ▒~▒
▒~▒▒▒▒▒▒▒▒▒
▒~▒...▒...▒
▒~▒...'...▒
▒~▒▒..▒...▒
▒▒†▒▒..▒▒..▒
▒▒.♣....▒▒..▒
................▒
.▒..............▒
+...........)..+
▒..........▒▒<.▒
▒..........▒▒..▒
▒▒▒▒▒.......▒..+
▒.......▒..▒
▒▒▒▒▒+▒▒▒..▒


There were no monsters in sight!


Message History

* * * LOW HITPOINT WARNING * * *
You are more poisoned.
The adder poisons you! The adder bites you but does no damage.
Really quaff
b - a potion of lignification {!q}?
Really quaff the potion of lignification?
Your horns disappear.
Your talons disappear.
You turn into a tree.
Your roots penetrate the ground.
* * * LOW HITPOINT WARNING * * *
You feel very sick. The adder bites you but does no damage.
Unknown command.
Unknown command.
You are already empty-handed.
Unknown command.
Unknown command.
You smack the adder!
You kill the adder!
* * * LOW HITPOINT WARNING * * *
You feel sick.
Unknown command.
Unknown command.
There is a lethal amount of poison in your body!
There is a lethal amount of poison in your body!
Unknown command.
There is a lethal amount of poison in your body!
Unknown command.
You die...

Action                   |  1- 3 |  4- 6 || total
-------------------------+-------+-------++-------
Melee: Unarmed           |    87 |    88 ||   175
       Kick              |    18 |    19 ||    37
       Headbutt          |     9 |    12 ||    21
       Tailslap          |     8 |     7 ||    15
       Punch             |       |     1 ||     1
 Cast: Beastly Appendage |    19 |    21 ||    40
       Wereblood         |     1 |     2 ||     3
  Use: Potion            |       |     2 ||     2
Armor: Robe              |    42 |    31 ||    73
       Skin              |       |     1 ||     1
Dodge: Dodged            |    35 |    31 ||    66

Levels and vault maps discovered:
D:1:      tarquinn_simple_flora_water_d, layout_loops_corners
D:2:      layout_loops_ring, uniq_robin
D:3:      layout_basic
D:4:      layout_gridville, portal_sewer_entry_d, roderic_batcave, uniq_natasha,
          uniq_ijyb, uniq_duvessa, uniq_blork_the_orc

Notes
Turn   | Place    | Note
-------+----------+-------------------------------------------
     0 | D:1      | sanka the Palentonga Transmuter began the quest for the
                  | Orb.
     0 | D:1      | Reached XP level 1. HP: 16/16 MP: 3/3
   227 | D:1      | Reached XP level 2. HP: 22/22 MP: 3/5
   599 | D:1      | Reached skill level 1 in Poison Magic
  1115 | D:2      | Noticed Robin
  1155 | D:1      | Learned a level 2 spell: Wereblood
  1168 | D:2      | Reached XP level 3. HP: 23/27 MP: 3/6
  1170 | D:2      | Killed Robin
  1171 | D:2      | Reached skill level 3 in Transmutations
  1737 | D:2      | Reached XP level 4. HP: 29/34 MP: 5/7
  1742 | D:2      | Reached skill level 2 in Poison Magic
  1840 | D:2      | Learned a level 3 spell: Spider Form
  2742 | D:3      | Reached skill level 4 in Transmutations
  3392 | D:3      | Reached XP level 5. HP: 39/39 MP: 6/8
  3870 | D:4      | Noticed Natasha
  3875 | D:4      | Killed Natasha
  3922 | D:4      | HP: 4/58 [poisoned by an adder]
  3924 | D:4      | Succumbed to an adder's poison

Vanquished Creatures
  Natasha (D:4)
  Robin (D:2)
  6 adders
  2 worms (D:2)
  3 dart slugs
  2 orcs
  5 endoplasms
  3 giant cockroaches
  16 goblins
  3 hobgoblins (D:2)
  5 jackals
  4 kobolds
  5 quokkas
  6 ball pythons
  5 bats
  2 frilled lizards
  6 rats
75 creatures vanquished.
